[Event "ICC tourney 2097 (40 10)"]
[Site "Internet Chess Club"]
[Date "2020.11.01"]
[Round "4"]
[White "Kinawa"]
[Black "CoarseCrown"]
[Result "0-1"]
[ICCResult "White resigns"]
[WhiteElo "1541"]
[BlackElo "1770"]
[Opening "Sicilian: Pelikan (Lasker/Sveshnikov) variation"]
[ECO "B33"]
[NIC "SI.35"]
[Time "17:46:44"]
[TimeControl "2400+10"]

1. e4 c5 2. Nf3 Nc6 3. d4 cxd4 4. Nxd4 Nf6 5. Nc3 e5 6. Ndb5 d6 7. Nd5 Nxd5
8. exd5 Nb8 9. c4 Be7 10. Bd3 O-O 11. O-O a6 12. Nc3 f5 13. Be3 f4 14. Bd2
f3 15. Be4 Bg4 16. Qc2 fxg2 17. Bxg2 Qe8 18. Ne4 Qg6 19. Qc3 h5 20. Kh1 Nd7
21. h3 Bf5 22. Qe3 Nf6 23. Ng5 Nh7 24. Nxh7 Kxh7 25. Rg1 Qf6 26. Raf1 Qh4
27. b3 g5 28. Qg3 Qxg3 29. fxg3 Bd3 30. Rf3 Rxf3 31. Bxf3 Kg6 32. Re1 Rf8
33. Kg2 h4 34. g4 Bd8 35. Be4+ Bxe4+ 36. Rxe4 Bb6 37. Re2 Bd4 38. Be3 Bxe3
39. Rxe3 Rf4 40. Rf3 Rd4 41. Rf2 e4 42. Re2 b5 43. Kf2 bxc4 44. bxc4 Rxc4
45. Ke3 Rc3+ 46. Kd4 Rxh3 47. Rxe4 Rg3 48. Re6+ Kf7 49. Rxd6 Rxg4+ 50. Ke5
h3 51. Rf6+ Ke8 52. Re6+ Kd7 53. Rd6+ Kc7 54. Rc6+ Kb7 55. Rc1 h2 56. Rh1
Rg2 57. d6 Kc8 58. Ke6 g4 59. d7+ Kd8 60. Rc1 Re2+ 61. Kf5 g3 62. Rh1 g2 63.
Rxh2 g1=Q 64. Rxe2 Qf1+ 65. Ke6 Qxe2+ 66. Kd6 Qd3+ 67. Kc6 Qxd7+ 68. Kb6
Qb5+ 69. Ka7 Kc7 {White resigns} 0-1

[Event "ICC tourney 2097 (40 10)"]
[Site "Internet Chess Club"]
[Date "2020.11.01"]
[Round "5"]
[White "loveEdinburgh"]
[Black "keb2020"]
[Result "1/2-1/2"]
[ICCResult "Game drawn by mutual agreement"]
[WhiteElo "1859"]
[BlackElo "1830"]
[Opening "King's Indian: 4.e4"]
[ECO "E70"]
[NIC "KI.31"]
[Time "20:02:57"]
[TimeControl "2400+10"]

1. d4 Nf6 2. c4 g6 3. Nc3 Bg7 4. e4 d6 5. Bd3 O-O 6. Nge2 e5 7. d5 Ne8 8.
O-O f5 9. exf5 Bxf5 10. Ne4 h6 11. N2c3 Nd7 12. f3 Nef6 13. Re1 Nb6 14. b3
c6 {Game drawn by mutual agreement} 1/2-1/2

[Event "ICC tourney 2097 (40 10)"]
[Site "Internet Chess Club"]
[Date "2020.11.01"]
[Round "5"]
[White "Hrushichess"]
[Black "angelpawn"]
[Result "1-0"]
[ICCResult "Black resigns"]
[WhiteElo "1634"]
[BlackElo "1579"]
[Opening "Sicilian: dragon variation"]
[ECO "B70"]
[NIC "SI.15"]
[Time "20:02:55"]
[TimeControl "2400+10"]

1. e4 c5 2. Nf3 d6 3. d4 cxd4 4. Nxd4 Nf6 5. Nc3 g6 6. Bc4 Bg7 7. Bb3 Nc6 8.
f3 a6 9. Be3 Qa5 10. Qd2 O-O 11. h4 Nxd4 12. Bxd4 Be6 13. Bxe6 fxe6 14. h5
Nxh5 15. Bxg7 Kxg7 16. g4 Rxf3 17. gxh5 Qe5 18. O-O-O g5 19. Rdg1 h6 20. Qe2
Raf8 21. Nd1 Qf4+ 22. Kb1 a5 23. Qc4 d5 24. Qd4+ Kg8 25. Qb6 Qxe4 26. Re1
Qf5 27. Rxe6 Rf1 28. Rg6+ Kf7 29. Qe6+ Ke8 30. Rxf1 Qxf1 31. Qxd5 Rh8 32. a3
Qf7 33. Qxb7 {Black resigns} 1-0

[Event "ICC tourney 2097 (40 10)"]
[Site "Internet Chess Club"]
[Date "2020.11.01"]
[Round "5"]
[White "MadiChesskid"]
[Black "raremystery"]
[Result "0-1"]
[ICCResult "White resigns"]
[WhiteElo "1341"]
[BlackElo "1670"]
[Opening "QGD"]
[ECO "D02"]
[NIC "QP.09"]
[Time "20:03:10"]
[TimeControl "2400+10"]

1. Nf3 d5 2. d4 Nf6 3. c4 e6 4. Bg5 Be7 5. e3 h6 6. Bh4 O-O 7. Be2 b6 8. Nc3
Bb7 9. O-O Nbd7 10. cxd5 Nxd5 11. Bxe7 Qxe7 12. Nxd5 exd5 13. Rc1 Rfc8 14.
Qa4 c5 15. Bb5 Nf6 16. Ba6 Bxa6 17. Qxa6 Rc7 18. Rc2 Rac8 19. Rfc1 Ne4 20.
Ne1 Nd6 21. Nd3 cxd4 22. Rxc7 Rxc7 23. Rxc7 Qxc7 24. exd4 Nc4 25. h3 Kh7 26.
Qb5 Qd6 27. Qa4 Qg6 28. Qc2 Nxb2 29. h4 Nxd3 30. h5 Qe4 31. f3 Qxd4+ 32. Kf1
Qc4 33. Qb1 Qc1+ 34. Qxc1 Nxc1 35. a4 Nd3 36. Ke2 Nc5 37. Ke3 Nxa4 38. Kd4
Nc5 39. Kxd5 a5 40. Kc4 a4 41. Kb4 g6 42. hxg6+ Kxg6 43. g3 Kf5 44. Kc3 Ne4+
45. fxe4+ Kxe4 46. Kb4 b5 47. g4 Kf4 48. g5 hxg5 {White resigns} 0-1

[Event "ICC tourney 2097 (40 10)"]
[Site "Internet Chess Club"]
[Date "2020.11.01"]
[Round "5"]
[White "mnm2"]
[Black "Michaelpu"]
[Result "1-0"]
[ICCResult "Black checkmated"]
[WhiteElo "1529"]
[BlackElo "1634"]
[Opening "Sicilian: Prins (Moscow) variation"]
[ECO "B55"]
[NIC "SI.01"]
[Time "20:03:07"]
[TimeControl "2400+10"]

1. e4 c5 2. Nf3 d6 3. d4 cxd4 4. Nxd4 Nf6 5. f3 g6 6. c4 Bg7 7. Nc3 Nc6 8.
Be3 Bd7 9. Be2 a6 10. O-O Qc7 11. Rc1 O-O 12. Qd2 Ne5 13. b3 Rac8 14. Rfd1
Rfd8 15. h3 Nc6 16. Nd5 Qb8 17. Nxc6 Bxc6 18. Nxe7+ Kh8 19. Nxc8 Qxc8 20. c5
Ne8 21. cxd6 Rxd6 22. Qe1 h6 23. Rxd6 Nxd6 24. Qd2 Ne8 25. Bxh6 Qe6 26.
Bxg7+ Kxg7 27. Bc4 Qf6 28. Qc3 Qxc3 29. Rxc3 Nd6 30. Kf2 Bxe4 31. Bxf7 Bxf3
32. Bxg6 Bxg2 33. Kxg2 Kxg6 34. Rc7 Kf5 35. Kf3 Kf6 36. Rd7 Ke6 37. Rg7 Kf6
38. Rg1 Nb5 39. Ke3 Nc3 40. a4 b5 41. Kd3 Nd5 42. Kd4 Nf4 43. Rf1 Kg5 44.
Rxf4 Kxf4 45. axb5 axb5 46. Kc5 b4 47. Kxb4 Kg3 48. Ka5 Kxh3 49. b4 Kg4 50.
Kb6 Kf5 51. Kc7 Ke6 52. b5 Kd5 53. b6 Kc5 54. b7 Kc4 55. b8=Q Kd5 56. Qb6
Kc4 57. Qa5 Kd4 58. Qb5 Ke4 59. Qc5 Kf4 60. Qd5 Kg4 61. Qe5 Kh4 62. Qg7 Kh3
63. Qg5 Kh2 64. Qg4 Kh1 65. Kd6 Kh2 66. Ke5 Kh1 67. Kf4 Kh2 68. Kf3 Kh1 69.
Qg2# {Black checkmated} 1-0

[Event "ICC tourney 2097 (40 10)"]
[Site "Internet Chess Club"]
[Date "2020.11.01"]
[Round "5"]
[White "aakashjr"]
[Black "crazyhorse9"]
[Result "1-0"]
[ICCResult "Black resigns"]
[WhiteElo "1615"]
[BlackElo "1441"]
[Opening "two knights defense: Bogolyubov variation"]
[ECO "C58"]
[NIC "KP.01"]
[Time "20:02:54"]
[TimeControl "2400+10"]

1. e4 e5 2. Nf3 Nc6 3. Bc4 Nf6 4. Ng5 d5 5. exd5 Na5 6. Bb5+ c6 7. dxc6 bxc6
8. Qf3 Bb7 9. Ba4 Bd6 10. Ne4 Nxe4 11. Qxe4 O-O 12. Qe2 c5 13. d3 Bxg2 14.
Rg1 Bc6 15. Bh6 g6 16. Bxf8 Bxf8 17. Bxc6 Nxc6 18. c3 Bg7 19. Nd2 f5 20. Nf3
Qd7 21. O-O-O Rb8 22. h4 Qb7 23. Qc2 e4 24. dxe4 fxe4 25. Ng5 Qa6 26. Qxe4
Ne5 27. Qd5+ Kh8 28. f4 Qb6 29. Rg2 {Black resigns} 1-0

[Event "ICC tourney 2097 (40 10)"]
[Site "Internet Chess Club"]
[Date "2020.11.01"]
[Round "5"]
[White "ChessG2011"]
[Black "SoaringHawk24"]
[Result "0-1"]
[ICCResult "White forfeits on time"]
[WhiteElo "1190"]
[BlackElo "1357"]
[Opening "Giuoco Pianissimo: Italian four knights variation"]
[ECO "C50"]
[NIC "IG.02"]
[Time "20:06:42"]
[TimeControl "2400+10"]

1. e4 e5 2. Nf3 Nc6 3. Bc4 Bc5 4. Nc3 Nf6 5. d3 h6 6. O-O O-O 7. Na4 Bb6 8.
Nxb6 axb6 9. a3 d6 10. h3 Be6 11. Bxe6 fxe6 12. Nh2 d5 13. Qe2 Nd4 14. Qd1
dxe4 15. dxe4 Nxe4 16. Re1 Nxf2 17. Qe2 Nxe2+ 18. Kf1 Ng3+ 19. Kg1 Qd4 20.
Be3 Nxh3+ 21. gxh3 Qxb2 22. Rab1 Qxc2 23. Rbc1 Ne2+ 24. Kh1 Nxc1 25. Rxc1
Qb2 26. Re1 Qxa3 27. Bg1 Qxh3 28. Re3 Qh5 29. Rd3 Ra1 30. Rg3 Qh4 31. Rg2
Rff1 32. Rg4 Rxg1+ 33. Rxg1 Qe4+ 34. Nf3 Qxf3+ 35. Kh2 Ra2+
{White forfeits on time}
0-1

[Event "ICC tourney 2097 (40 10)"]
[Site "Internet Chess Club"]
[Date "2020.11.01"]
[Round "5"]
[White "doudou2011"]
[Black "yanje03"]
[Result "1-0"]
[ICCResult "Black resigns"]
[WhiteElo "1420"]
[BlackElo "1449"]
[Opening "Queen's pawn game"]
[ECO "A46"]
[NIC "QP.06"]
[Time "20:02:47"]
[TimeControl "2400+10"]

1. d4 Nf6 2. Nf3 e6 3. g3 d5 4. Bg2 c5 5. O-O Nc6 6. c4 cxd4 7. Nxd4 Be7 8.
Nc3 O-O 9. Be3 a6 10. cxd5 Nxd5 11. Nxd5 exd5 12. Nb3 Be6 13. Qd2 Bf6 14.
Nc5 Qc7 15. Rad1 Rad8 16. Na4 d4 17. Bf4 Be5 18. Bxe5 Qxe5 19. b3 Rd6 20.
Nb2 Rfd8 21. Nd3 Qf6 22. Nc5 Qe7 23. Rc1 Bd5 24. Bxd5 Rxd5 25. Nxa6 bxa6 26.
Rxc6 d3 27. exd3 Rxd3 28. Qc1 a5 29. Rc7 Qe2 30. Rc8 Qxa2 31. Qc7 Qd2 32.
Rxd8+ Rxd8 33. Ra1 h6 34. Qxa5 Qxa5 35. Rxa5 Rd1+ 36. Kg2 Rb1 37. Ra8+ Kh7
38. Rb8 Kg6 39. Kf3 Kf5 40. Ke3 Rb2 41. b4 Ke5 42. Rb7 Ke6 43. b5 Rb3+ 44.
Kd4 Rb2 45. Ke3 Rb3+ 46. Ke2 Rb2+ 47. Kf3 Rb3+ 48. Kg2 Rb2 49. h4 g5 50.
hxg5 hxg5 51. Kf3 Rb4 52. g4 Rf4+ 53. Kg3 Rb4 54. f3 Rb2 55. b6 Kf6 56. Rb8
Kg7 57. b7 f6 58. Kh3 Kf7 59. Rh8 Rxb7 60. Rh7+ Kg6 61. Rxb7 Kh6 62. Rb6 Kg6
63. Kg3 Kh6 64. Rxf6+ Kg7 65. Rf5 Kg6 66. f4 gxf4+ 67. Kxf4 {Black resigns}
1-0

[Event "ICC tourney 2097 (40 10)"]
[Site "Internet Chess Club"]
[Date "2020.11.01"]
[Round "5"]
[White "atevifred"]
[Black "ScoutViolet"]
[Result "0-1"]
[ICCResult "White resigns"]
[WhiteElo "1842"]
[BlackElo "1663"]
[Opening "QGD: Orthodox defense, Botvinnik variation"]
[ECO "D60"]
[NIC "QO.12"]
[Time "20:02:46"]
[TimeControl "2400+10"]

1. d4 d5 2. c4 e6 3. Nc3 Nf6 4. Bg5 Be7 5. e3 Nbd7 6. Nf3 O-O 7. Bd3 h6 8.
Bh4 b6 9. Rc1 Bb7 10. O-O c5 11. cxd5 Nxd5 12. Bxe7 Qxe7 13. Qe2 cxd4 14.
Nxd4 Nc5 15. Rfd1 Nxd3 16. Qxd3 Rfd8 17. Qe2 Qg5 18. Nxd5 Qxd5 19. f3 Rac8
20. Nc6 Rxc6 21. Rxd5 Rxc1+ 22. Kf2 Bxd5 23. b3 Rdc8 24. Kg3 R8c2 25. Qd3
Rxa2 26. e4 Bc6 27. Qd8+ Kh7 28. Qc7 Kg6 29. h4 f6 30. f4 Rxg2+ 31. Kh3 Rc3+
{White resigns}
0-1

[Event "ICC tourney 2097 (40 10)"]
[Site "Internet Chess Club"]
[Date "2020.11.01"]
[Round "5"]
[White "happyscientist"]
[Black "Joshua1"]
[Result "1/2-1/2"]
[ICCResult "Game drawn by mutual agreement"]
[WhiteElo "1747"]
[BlackElo "1859"]
[Opening "Sicilian: Alapin's variation (2.c3)"]
[ECO "B22"]
[NIC "SI.47"]
[Time "20:02:54"]
[TimeControl "2400+10"]

1. e4 c5 2. c3 Nf6 3. e5 Nd5 4. d4 cxd4 5. cxd4 e6 6. Nc3 Nxc3 7. bxc3 d6 8.
Nf3 Qc7 9. Bb2 Nd7 10. exd6 Bxd6 11. Bd3 b6 12. Be4 Bb7 13. Bxb7 Qxb7 14.
O-O O-O 15. Re1 Rac8 16. Qd2 Rfd8 17. Rad1 Nf6 18. Ne5 Bxe5 19. Rxe5 Rd5 20.
Rxd5 Qxd5 21. Ba1 b5 22. f3 h6 23. Rb1 Rc4 24. Bb2 Ra4 25. a3 Nd7 26. Bc1
Nb6 27. Rb4 Nc4 28. Qf4 Rxb4 29. axb4 e5 30. Qf5 Qd8 31. dxe5 Qd1+ 32. Kf2
Qxc1 33. Qc8+ Kh7 34. Qf5+ {Game drawn by mutual agreement} 1/2-1/2

[Event "ICC tourney 2097 (40 10)"]
[Site "Internet Chess Club"]
[Date "2020.11.01"]
[Round "5"]
[White "USChessNinja"]
[Black "awakeflood"]
[Result "1/2-1/2"]
[ICCResult "Game drawn by mutual agreement"]
[WhiteElo "1601"]
[BlackElo "1804"]
[Opening "French: advance, Paulsen attack"]
[ECO "C02"]
[NIC "FR.03"]
[Time "20:02:48"]
[TimeControl "2400+10"]

1. e4 e6 2. d4 d5 3. e5 c5 4. c3 Nc6 5. Nf3 Qb6 6. a3 Nh6 7. b4 cxd4 8. cxd4
Nf5 9. Be3 Bd7 10. Bd3 Rc8 11. O-O Be7 12. Nbd2 O-O 13. Nb3 f6 14. Bf4 fxe5
15. dxe5 Nfd4 16. Nfxd4 Rxf4 17. Nxc6 Bxc6 18. Rc1 Rcf8 19. Qe2 Bg5 20. Qh5
Bh6 21. Nc5 Be8 22. Qh3 Rxf2 23. Rxf2 Rxf2 24. Kxf2 Bxc1 25. Bxh7+ Kf8 26.
Bc2 Bh6 {Game drawn by mutual agreement} 1/2-1/2

[Event "ICC tourney 2097 (40 10)"]
[Site "Internet Chess Club"]
[Date "2020.11.01"]
[Round "5"]
[White "chesslin"]
[Black "gmcarebear999"]
[Result "1-0"]
[ICCResult "Black checkmated"]
[WhiteElo "1853"]
[BlackElo "1752"]
[Opening "Queen's pawn, Mason variation"]
[ECO "D00"]
[NIC "QP.08"]
[Time "20:02:50"]
[TimeControl "2400+10"]

1. d4 d5 2. Bf4 e6 3. e3 Nf6 4. Nd2 c5 5. c3 Nc6 6. Ngf3 Bd6 7. Bg3 O-O 8.
Bd3 b6 9. Ne5 Bb7 10. f4 Ne7 11. Qf3 cxd4 12. exd4 Nf5 13. O-O Nd7 14. Rae1
f6 15. Nxd7 Qxd7 16. Re2 Rae8 17. Rfe1 Nxg3 18. Qxg3 f5 19. Nf3 Rf6 20. Ne5
Bxe5 21. Rxe5 Qc8 22. R1e3 a6 23. Qe1 Kf7 24. Qe2 g6 25. Bc2 b5 26. Bb3 Qd7
27. Qe1 h5 28. Rg3 Ba8 29. Rge3 Bb7 30. Qg3 Ba8 31. Qg5 Rh8 32. Rh3 Bb7 33.
Bd1 Qe8 34. Qh4 Kg7 35. Rhe3 Kf7 36. Bb3 Qd7 37. Bc2 Ba8 38. Bd1 Bb7 39. g4
fxg4 40. Bxg4 Re8 41. Bh3 Bc8 42. Qg5 Qd6 43. f5 gxf5 44. Qxh5+ Ke7 45. Bxf5
Kd7 46. Bg4 Kc6 47. Qxe8+ Qd7 48. Qxd7+ Bxd7 49. Bxe6 Bxe6 50. Rxe6+ Rxe6
51. Rxe6+ Kd7 52. Rxa6 Ke7 53. Rb6 Kf7 54. Rxb5 Kg7 55. Rxd5 Kf7 56. a4 Ke7
57. a5 Ke6 58. c4 Ke7 59. a6 Ke6 60. a7 Ke7 61. Rb5 Kf6 62. a8=Q Ke7 63.
Qa7+ Ke6 64. Qa6+ Kd7 65. Rb7+ Kc8 66. Qa8# {Black checkmated} 1-0

[Event "ICC tourney 2097 (40 10)"]
[Site "Internet Chess Club"]
[Date "2020.11.01"]
[Round "5"]
[White "Dhruti813kob36"]
[Black "Kinawa"]
[Result "1-0"]
[ICCResult "Black resigns"]
[WhiteElo "1445"]
[BlackElo "1520"]
[Opening "Caro-Kann: Steinitz variation"]
[ECO "B17"]
[NIC "CK.08"]
[Time "20:02:51"]
[TimeControl "2400+10"]

1. e4 c6 2. d4 d5 3. Nc3 dxe4 4. Nxe4 Nd7 5. Nf3 Ngf6 6. Bd3 Nxe4 7. Bxe4
Nf6 8. Bd3 Bg4 9. Be3 e6 10. O-O Bd6 11. h3 Bh5 12. c4 O-O 13. Be2 Bc7 14.
Ne5 Bxe2 15. Qxe2 Qe7 16. f4 Rad8 17. Qf3 Nd7 18. Rad1 Nxe5 19. fxe5 Qb4 20.
Bg5 Rd7 21. b3 Bb6 22. Qg4 Kh8 23. Rf3 Rg8 24. Rg3 Qf8 25. h4 Bd8 26. Rd2 h6
27. Rf3 Qe8 28. Be3 f5 29. Qh3 Qh5 30. d5 Bxh4 31. dxe6 Rxd2 32. Bxd2 Qg4
33. Rxf5 Qxh3 34. gxh3 Re8 35. Rf7 Rxe6 36. Rxb7 Rxe5 37. Rxa7 Rf5 38. Rd7
Bf6 39. a4 Rf3 40. b4 Rxh3 41. a5 Ra3 42. b5 cxb5 43. cxb5 Rb3 44. b6 Be5
45. b7 Kh7 46. a6 Bb8 47. Rd8 Ba7+ 48. Kg2 Ra3 49. Ra8 Rxa6 50. Be3 Rg6+ 51.
Kf3 Rf6+ 52. Ke2 Bxe3 53. b8=Q Bg5 54. Qb1+ {Black resigns} 1-0

[Event "ICC tourney 2097 (40 10)"]
[Site "Internet Chess Club"]
[Date "2020.11.01"]
[Round "5"]
[White "CoarseCrown"]
[Black "wahoo"]
[Result "0-1"]
[ICCResult "White forfeits on time"]
[WhiteElo "1686"]
[BlackElo "1634"]
[Opening "Catalan: open, classical line"]
[ECO "E05"]
[NIC "CA.05"]
[Time "20:02:50"]
[TimeControl "2400+10"]

1. d4 d5 2. c4 e6 3. Nf3 Be7 4. g3 Nf6 5. Bg2 dxc4 6. O-O O-O 7. Qc2 Nc6 8.
Qxc4 Bd7 9. Ne5 Qe8 10. Nc3 Bd6 11. Bf4 Rb8 12. e4 h6 13. Nxd7 Nxd7 14. e5
Nb6 15. Qd3 Be7 16. Rad1 a6 17. Qe3 Nc4 18. Qc1 Rd8 19. Ne4 Nb6 20. Bxh6
Nxd4 21. Qe3 Nc4 22. Qe1 gxh6 23. Nf6+ Bxf6 24. exf6 e5 25. b3 Nd6 26. Qd2
N6f5 27. Kh1 Ne6 28. Qe2 Ned4 29. Qg4+ Kh7 30. Be4 Rg8 31. Bxf5+ Nxf5 32.
Qxf5+ Kh8 33. Rxd8 Qxd8 34. Qxe5 Rg6 35. Rc1 c6 36. Rc4 Qxf6 37. Qe8+ Kg7
38. Rf4 Qe6 39. Qb8 b5 40. Qc7 Qd5+ 41. Kg1 Qe6 42. Rf3 Rg5 43. Re3 Qd5 44.
Qe7 Rf5 45. Qe4 Qxe4 46. Rxe4 a5 47. Kf1 Rc5 48. Re2 Kf6 49. f3 Rc1+ 50. Kf2
Rc3 51. h4 c5 52. Rd2 Ke6 53. Re2+ Kf6 54. Rd2 Ke5 55. Re2+ Kd4 56. Re7 Rc2+
57. Re2 Rc1 58. g4 c4 59. bxc4 bxc4 60. g5 hxg5 61. hxg5 c3 62. f4 Rh1 63.
Kg2 Rd1 64. f5 Kc4 65. g6 fxg6 66. fxg6 Rd6 {White forfeits on time} 0-1